Cogmind - Beta 12 @@@ ROGUE MODE // 2023.06.04 @ 16:12:10 Player: LustLizard Result: Destroyed by as-65126 with Assembled Rifle Performance ------------- Evolutions (0) 0 Regions Visited (2) 400 Robots Destroyed (0) 0 Value Destroyed (0) 0 Prototype IDs (0) 0 Alien Tech Used (0) 0 Bonus (0) 0 TOTAL SCORE: 400 Bonus ------- None Cogmind --------- Core Integrity 0/250 Matter 216/300 Energy 102/125 System Corruption 0% Temperature Cool (24) Movement Walking (260) Ox2 Location -10/Mines Parts ------- > --- POWER (1) -------- Light Ion Engine > --- PROPULSION (2) --- Light Treads Aluminum Leg > --- UTILITY (2) ------ Large Storage Unit Seismic Detector > --- WEAPON (2) ------- EM Pulse Gun Small Laser > --- INVENTORY (15) --- Ion Engine Aluminum Leg Compact Wheel Large Storage Unit Medium Battery (150) Welding Torch Peak State ------------ > --- POWER ------------ Light Ion Engine > --- PROPULSION ------- Light Treads Compact Wheel > --- UTILITY ---------- Small Storage Unit Large Storage Unit > --- WEAPON ----------- Small Laser Assault Rifle > --- INVENTORY -------- Ion Engine Light Treads Aluminum Leg Aluminum Leg Compact Wheel EM Pulse Gun [Rating: 7] Favorites ----------- Power Light Ion Engine Engine Light Ion Engine Propulsion Compact Wheel Treads Light Treads Leg Aluminum Leg Wheel Compact Wheel Utility Large Storage Unit Device Seismic Detector Storage Large Storage Unit Weapon Small Laser Energy Gun Small Laser Ballistic Gun Assault Rifle Build | -11 -10 -10 ------- Run | Jun Mat Min Slots Evolved . | . . . Power . | . . . Propulsion . | . . . Utility . | . . . Weapon . | . . . Parts Attached 11 | 6 2 3 Power 1 | 1 . . Engine 1 | 1 . . Core . | . . . Reactor . | . . . Propulsion 4 | 2 . 2 Treads 2 | 1 . 1 Leg 1 | . . 1 Wheel 1 | 1 . . Hover . | . . . Flight . | . . . Utility 3 | 1 2 . Device 1 | . 1 . Storage 2 | 1 1 . Processor . | . . . Hackware . | . . . Protection . | . . . Artifact . | . . . Weapon 3 | 2 . 1 Energy Gun 2 | 1 . 1 Energy Cannon . | . . . Ballistic Gun 1 | 1 . . Ballistic Cannon . | . . . Launcher . | . . . Special Weapon . | . . . Impact Weapon . | . . . Slashing Weapon . | . . . Piercing Weapon . | . . . Special Melee Weapon . | . . . Unidentified Prototypes . | . . . Parts Lost 3 | . . 3 Power . | . . . Propulsion 2 | . . 2 Utility . | . . . Weapon 1 | . . 1 Highest Loss Streak 3 | . . 3 To Critical Strikes . | . . . Average Slot Usage (%) 98 | . 98 97 Engine 14 | . 14 14 Treads 14 | . 14 16 Wheel 13 | . 14 5 Device 12 | . 12 14 Storage 14 | . 14 14 Energy Gun 14 | . 14 14 Ballistic Gun 13 | . 14 11 Naked Turns . | . . . Heaviest Build 31 | 11 31 27 Greatest Support 20 | 20 20 20 Greatest Overweight (x) 1 | . 1 1 Average Overweight (x) . | . . 1 Largest Inventory Capacity 15 | 8 15 15 Average Capacity 13 | 6 14 15 Most Carried 9 | 7 9 9 Average Carried 7 | 5 7 7 Final Capacity 15 | 8 15 15 Final Carried 9 | 6 9 6 Class Distribution -------------------- 100% | Mutant Dominant Class ---------------- Mutant | -10/Materials Mutant | -10/Mines Resources | -11 -10 -10 ----------- Run | Jun Mat Min Matter Collected 250 | 250 . . Remotely . | . . . Salvage Created 46 | . . 46 Parts . | . . . Haulers Intercepted . | . . . Recyclers Shooed . | . . . Parts Field Recycled . | . . . Retrieved Matter . | . . . Parts Self-Destructed . | . . . Prevented . | . . . Kills | -11 -10 -10 ------- Run | Jun Mat Min Combat Hostiles Destroyed 3 | . . 3 Guns 3 | . . 3 Classes Destroyed 1 | . . 1 Assembled 3 | . . 3 Best Kill Streak 3 | . . 3 Combat Bots Only 3 | . . 3 Max Kills in Single Turn 1 | . . 1 Gunslinging . | . . . Exploded . | . . . Melee . | . . . Uniques/NPCs Destroyed . | . . . Combat | -11 -10 -10 -------- Run | Jun Mat Min Damage Taken 774 | . . 774 Core 250 | . . 250 Absorbed by Shields . | . . . Core Remaining (%) 100 | 100 . . Volleys Fired 15 | . . 15 Largest 2 | . . 2 Hottest 80 | . . 80 Shots Fired 30 | . . 30 Gun 30 | . . 30 Cannon . | . . . Launcher . | . . . Special . | . . . Kinetic 13 | . . 13 Thermal 15 | . . 15 Explosive . | . . . Electromagnetic 2 | . . 2 Robot Hit Streak 7 | . . 7 Robot Miss Streak 2 | . . 2 Penetration Max . | . . . Secondary Targets 2 | . . 2 Max Gunslinging Chain 1 | . . 1 Shots Hit Robots 14 | . . 14 Core Hits 7 | . . 7 Critical Kills . | . . . Critical Parts Destroyed . | . . . Critical Strikes . | . . . Melee Attacks . | . . . Impact . | . . . Slashing . | . . . Piercing . | . . . Sneak Attacks . | . . . Combat Hostiles . | . . . Follow-up Attacks . | . . . Damage Inflicted 198 | . . 198 Guns 198 | . . 198 Cannons . | . . . Explosions . | . . . Melee . | . . . Ramming . | . . . Kinetic 101 | . . 101 Thermal 85 | . . 85 Explosive . | . . . Electromagnetic 12 | . . 12 Impact . | . . . Slashing . | . . . Piercing . | . . . Highest Corruption . | . . . Average Corruption . | . . . Corruption Purged . | . . . Corruption Blocked . | . . . Overload Shots . | . . . Overflow Damage . | . . . Projectiles . | . . . Explosions . | . . . Melee . | . . . Knockbacks . | . . . Impact . | . . . Kinetic . | . . . Secondary . | . . . Self-Inflicted Damage . | . . . Shots . | . . . Rammed . | . . . Targets Rammed . | . . . Kicked . | . . . Crushed . | . . . Highest Temperature 24 | . . 24 Average Temperature 15 | . . 15 Received Heat Transfer 20 | . . 20 Siege Activations . | . . . Robots Corrupted . | . . . Combat Hostiles . | . . . Parts Fried . | . . . Impact Corruptions . | . . . Robots Melted . | . . . Combat Hostiles . | . . . Parts Melted . | . . . Heat Transferred 200 | . . 200 Parts Sabotaged . | . . . Parts Stolen . | . . . Parts Stripped . | . . . Power Chain Reactions . | . . . Missiles Intercepted . | . . . Alert | -11 -10 -10 ------- Run | Jun Mat Min Peak Influence 5 | . 5 . Initial . | . . . Average 1 | . 1 . Maximum Alert Level . | . . . Low Security (%) 100 | 100 100 100 Level 1 . | . . . Level 2 . | . . . Level 3 . | . . . Level 4 . | . . . Level 5 . | . . . High Security . | . . . Max Security . | . . . Squads Dispatched . | . . . Investigation . | . . . Extermination . | . . . Reinforcement . | . . . Assault . | . . . Garrison . | . . . Intercept . | . . . Searches Triggered . | . . . Construction Impeded . | . . . Haulers Reinforced . | . . . Active Scanning Responses . | . . . Cargo Convoy Interrupts . | . . . Stealth | -11 -10 -10 --------- Run | Jun Mat Min Distress Signals . | . . . Communications Jammed . | . . . Distress Signals . | . . . Times Spotted 10 | . . 10 Peak Tracking Total 16 | . . 16 Tactical Retreats 2 | . . 2 Traps | -11 -10 -10 ------- Run | Jun Mat Min Traps Triggered . | . . . Indirectly . | . . . Trap Hack Attempts . | . . . Triggered . | . . . Disarmed . | . . . Reprogrammed . | . . . Reused . | . . . Traps Extracted . | . . . Installed . | . . . Triggered . | . . . Machines | -11 -10 -10 ---------- Run | Jun Mat Min Machines Disabled . | . . . Max in Single Turn . | . . . Machines Repaired . | . . . Machines Sabotaged . | . . . Overloaded Fab Kills . | . . . Hacking | -11 -10 -10 --------- Run | Jun Mat Min Machines Accessed 2 | . 2 . Terminals 2 | . 2 . Fabricators . | . . . Repair Stations . | . . . Recycling Units . | . . . Scanalyzers . | . . . Garrison Access . | . . . Total Hacks 4 | . 4 . Successful 2 | . 2 . Failed 2 | . 2 . Catastrophic . | . . . Database Lockouts . | . . . Manual 2 | . 2 . Terminals 4 | . 4 . Fabricators . | . . . Repair Stations . | . . . Recycling Units . | . . . Scanalyzers . | . . . Garrison Access . | . . . Terminal Hacks 2 | . 2 . Robot Analysis 1 | . 1 . Branch Access Points 1 | . 1 . Fabricator Hacks . | . . . Repair Station Hacks . | . . . Recycling Unit Hacks . | . . . Scanalyzer . | . . . Garrison Access Hacks . | . . . Unauthorized Hacks . | . . . Terminals . | . . . Fabricators . | . . . Repair Stations . | . . . Recycling Units . | . . . Scanalyzers . | . . . Garrison Access . | . . . Data Cores Recovered . | . . . Used . | . . . Hacking Detections 2 | . 2 . Full Trace Events . | . . . Feedback Events . | . . . Feedback Blocked . | . . . Robot Schematics Acquired . | . . . Robots Built . | . . . Authchips . | . . . Time . | . . . Total Robot Build Rating . | . . . Part Schematics Acquired . | . . . Parts Built . | . . . Authchips . | . . . Time . | . . . Total Part Build Rating . | . . . Parts Repaired . | . . . Time . | . . . Parts Recycled . | . . . Recycled Matter . | . . . Retrieved Matter . | . . . Retrieved Components . | . . . Parts Scanalyzed . | . . . Part Schematics Acquired . | . . . Parts Damaged . | . . . Bothacking | -11 -10 -10 ------------ Run | Jun Mat Min Used RIF Installer . | . . . Robots Hacked . | . . . Non-combat . | . . . Combat . | . . . Robot Hacks Applied . | . . . Relay Couplers Released . | . . . Fabnet Peak Effective % . | . . . Robots Rewired . | . . . Allies Hacked . | . . . Hacks Repelled . | . . . Allies | -11 -10 -10 -------- Run | Jun Mat Min Total Allies . | . . . Largest Group . | . . . Highest-Rated Group . | . . . Highest-Rated Ally . | . . . Total Orders . | . . . Ally Attacks . | . . . Total Damage . | . . . Kills . | . . . Allies Corrupted . | . . . Allies Melted . | . . . Intel | -11 -10 -10 ------- Run | Jun Mat Min Robot Analysis Total 1 | . 1 . Derelict Logs Recovered . | . . . Drone Launches . | . . . Drone Recoveries . | . . . Exploration | -11 -10 -10 ------------- Run | Jun Mat Min Turns Passed 565 | 64 445 56 Spaces Moved 251 | 55 192 4 Core 16 | 16 . . Treads 197 | 1 192 4 Legs . | . . . Wheels 38 | 38 . . Hover . | . . . Flight . | . . . Fastest Speed 50 | 50 160 240 Average Speed 197 | 86 228 240 Slowest Speed 240 | 160 240 240 Overloaded Moves . | . . . Propulsion Burnouts . | . . . Robots Hopped . | . . . Cave-ins Triggered . | . . . Exploration Rate (%) 10 | 3 24 3 Regions Visited 2 Branch Regions 1 Pre-discovered Areas . | . . . Known Exits Taken 1 | . 1 . Unknown Exits Taken 1 | 1 . . Scrap Searched . | . . . Spaces Dug . | . . . Terrain Destroyed . | . . . Melee . | . . . Projectile . | . . . AOE . | . . . Terrain Rammed . | . . . Walls Destroyed . | . . . Machines Disabled . | . . . Actions | -11 -10 -10 --------- Run | Jun Mat Min Total 289 | 69 198 22 Wait 2 | 1 1 . Move 249 | 54 191 4 Hop . | . . . Pick Up 11 | 8 3 . Fast Attach 6 | 4 2 . Attach 5 | 2 . 3 Detach . | . . . Swap . | . . . Drop 1 | . 1 . Fire 15 | . . 15 Melee . | . . . Ram . | . . . Kick . | . . . Crush . | . . . Escape Stasis . | . . . Rewire . | . . . Trap . | . . . Miscellaneous . | . . . Route ------- -11/Junkyard -10/Materials (discovered 3 exits: [*Mat] / *Min x2) -10/Mines History --------- Turn | Location | Event 14 | -11/Junkyard | Discovered new exit (range 16) 65 | -11/Junkyard | Entered Materials 185 | -10/Materials | Discovered new exit (range 6) 192 | -10/Materials | Discovered new exit (range 9) 302 | -10/Materials | Build established: Mutant 308 | -10/Materials | Identified exit to Mines 510 | -10/Materials | Entered Mines 511 | -10/Mines | Assembled infested the area 541 | -10/Mines | Core integrity fell below 50% 558 | -10/Mines | Met a Derelict bent on vengeance 563 | -10/Mines | Core integrity fell below 20% 566 | -10/Mines | Destroyed by as-65126 with Assembled Rifle Last Messages --------------- 00360_ K-01 Serf collects debris. 00445_ Acquired Welding Torch. 00451_ Acquired Med. Battery. LOCATION=MINES GOAL=ESCAPE 00511_ ALERT: Infestation in the mines, dispatching Demolisher response squad. 00511_ K-01 Serf collects debris. 00513_ K-01 Serf cleans the Seismic Survey Station. 00520_ K-01 Serf collects debris. 00523_ as-34684 destroyed. 00523_ Switching to secondary target: as-39568. 00525_ K-01 Serf collects debris. 00532_ as-39568 destroyed. 00532_ Switching to secondary target: as-14749. 00533_ Com. Wheel destroyed. 00540_ Lgt. Treads destroyed. 00542_ as-18762 destroyed. 00552_ as-14749 destroyed. 00558_ Assault Rifle destroyed. Map ----- +----------------------------------------------------+ | ????????????????????????????????????????????????? | | ????????????????????????????????????????????????? | | ????????????????????????????????????????????????? | | ????????????????????????????????????????????????? | | ????????????????????????????????????????????????? | | ????????????????????????????????????????????????? | | ????????????????????????????????????????????????? | | ????????????????????????????????????????????????? | | ????????????????????????????????????????????????? | | ????????????????????????????????????????????????? | | ????????????????????????????????????????????????? | | ????????????????????????????????????????????????? | | ????????????????????????????????????????????????? | | ????????????????????????????????????????????????? | | ????????????????????????????????????????????????? | | ????????????????????????????????????????????????? | | ????????????????????????????????????????????????? | | ????????????????????????????????????????????????? | | ???????????????????###??????????????????????????? | | ??????????????????## " ?????????????????????????? | | ??????????????????? ????????????????????????? | | ????????????????????? ###?????????????????????? | | ??????????????????????? #?????????????????????? | | ????????????????????????#a#?????????????????????? | | ??????????????????????###a####??????????????????? | | ??????????????????????# @% #??????????????????? | | ??????????????????????# %a #??????????????????? | | ??????????????????????# #??????????????????? | | ??????????????????????# """ #??????????????????? | | ??????????????????????# """ #??????????????????? | | ??????????????????????# """ #??????????????????? | | ??????????????????????# #??????????????????? | | ??????????????????????########??????????????????? | | ????????????????????????????????????????????????? | | ????????????????????????????????????????????????? | | ????????????????????????????????????????????????? | | ????????????????????????????????????????????????? | | | | | | | | | | | | | | | | | | | | | | | | | | | +----------------------------------------------------+ Best States ------------- Heat Dissipation 25 Energy Generation 10 Energy Capacity 125 Matter Stores 300 Matter Capacity 300 Sight Range 16 Terrain Scan Density 10 Evasion (%) 50 Recoil Reduction 2 Item Schematics ----------------- None Robot Schematics ------------------ None Fabricated ------------ Nothing Alien Tech Used ----------------- None Achievements -------------- None Challenges ------------ None Game ------ Seed HugeLightInterrupter Manual? 0 Play Time 00:04:54 Cumulative 61.9 hours Start 2023.06.04 @ 16:05:03 End 2023.06.04 @ 16:12:10 Sessions 1 Manual Loads 0 Difficulty Rogue Special Mode None Game No. 55 Rogue 55 Adventurer 0 Explorer 0 Win Type - Total 0 Types 0/0/0/0/0/0/0/0/0 Lore% 34 Gallery% 40 Achievement% 32 Wizard Run 0 Options --------- ASCII 0 Keyboard 0 Movement Numpad Keybinds 0 Fullscreen 1 Font 18/SmallcapsGlow Map View 76x50 Tactical HUD 1 Map Filters NONE Filters NONE Steam 1 RUN: e0b7e68a-ccf9-41cb-94ca-1cbd0b068475